 Dungeon Crawl Stone Soup version 0.18.1-5-g4a78601 (webtiles) character file.

4302 Mefis the Thaumaturge (level 10, -1/55 HPs)
             Began as a Deep Elf Wizard on May 13, 2016.
             Was a Follower of Sif Muna.
             Slain by Erica
             ... wielding a +0 scimitar of flaming
              (13 damage)
             ... on level 8 of the Dungeon on May 14, 2016.
             The game lasted 00:41:45 (13747 turns).

Mefis the Thaumaturge (Deep Elf Wizard)            Turns: 13747, Time: 00:41:46

Health: -1/55      AC: 10    Str:  5 (6)  XL:     10   Next: 11%
Magic:  21/25      EV: 15    Int: 27 (29) God:    Sif Muna [*.....]
Gold:   419        SH:  0    Dex: 13      Spells: 10 memorised, 2 levels left

rFire  + . .     SeeInvis .     D - +2 quarterstaff (protect)
rCold  . . .     Gourm    .     Y - +0 robe of Qool {Int+2}
rNeg   . . .     Faith    .     (shield currently unavailable)
rPois  .         Spirit   .     a - +0 helmet
rElec  .         Dismiss  .     N - +0 cloak
rCorr  .         Reflect  .     (no gloves)
SustAt .         Harm     .     v - +0 pair of boots (curse)
MR     +....                    (no amulet)
Stlth  +++.......               (no ring)
                                g - +2 ring of strength

@: slowed, repel missiles, very slow, somewhat resistant to hostile
enchantments, fairly stealthy
A: talons 1, deterioration 1, fire resistance 1, robust 1
a: Channel Energy, Renounce Religion


You were on level 8 of the Dungeon.
You worshipped Sif Muna.
Sif Muna was aware of your devotion.
You were very hungry.

You visited 2 branches of the dungeon, and saw 9 of its levels.
You also visited: Sewer.

You collected 419 gold pieces.

Inventory:

Hand Weapons
 h - a +0 shortbow of freezing
 D - a +2 quarterstaff of protection (weapon)
 H - a +0 blowgun
Missiles
 t - 209 arrows
 P - 4 curare-tipped needles
 Q - 11 poisoned needles
Armour
 a - a +0 helmet (worn)
 b - a +0 hat
 v - a cursed +0 pair of boots (worn)
 N - a +0 cloak (worn)
 X - a +0 robe of positive energy
 Y - the +0 robe of Qool (worn) {Int+2}
   (You found it on level 7 of the Dungeon)

   It affects your intelligence (+2).
Jewellery
 g - a +2 ring of strength (left hand)
Wands
 i - a wand of confusion (30/48)
 y - a wand of random effects (21/48)
 C - a wand of flame (21/48)
 M - a wand of hasting (4/9)
 W - a wand of slowing (15/48)
Scrolls
 e - a scroll of noise
 j - 4 scrolls of fear
 m - 6 scrolls of remove curse {unknown}
 n - 4 scrolls of immolation {unknown}
 o - 4 scrolls of fog
 r - 2 scrolls of recharging {unknown}
 s - 5 scrolls of magic mapping {unknown}
 w - 2 scrolls of teleportation {unknown}
 J - a scroll of enchant armour {unknown}
 K - a scroll of amnesia {unknown}
 O - 2 scrolls of enchant weapon {unknown}
Potions
 l - 5 potions of might {unknown}
 u - 2 potions of brilliance {unknown}
 x - 2 potions of magic
 A - 4 potions of agility {unknown}
 B - 2 potions of curing
 E - 2 potions of flight
 L - a potion of lignification {unknown}
 R - a potion of heal wounds
 Z - a potion of resistance {unknown}
Books
 c - a book of Minor Magic

   Spells                             Type                      Level
   a - Magic Dart                     Conjuration                  1
   b - Blink                          Translocation                2
   c - Call Imp                       Summoning                    2
   d - Repel Missiles                 Charms/Air                   2
   e - Slow                           Hexes                        2
   f - Conjure Flame                  Conjuration/Fire             3
   g - Mephitic Cloud                 Conjuration/Poison/Air       3
 F - a book of the Dragon

   Spells                             Type                      Level
   a - Flame Tongue                   Conjuration/Fire             1
   b - Cause Fear                     Hexes                        4
   c - Bolt of Fire                   Conjuration/Fire             6
   d - Dragon Form                    Transmutation                7
   e - Dragon's Call                  Summoning                    9
 S - a book of Transfigurations

   Spells                             Type                      Level
   a - Irradiate                      Conjuration/Transmutation    5
   b - Statue Form                    Transmutation/Earth          6
   c - Hydra Form                     Transmutation                6
   d - Dragon Form                    Transmutation                7
Miscellaneous
 U - a plain deck of wonders
Comestibles
 d - 7 bread rations
 f - a beef jerky
 q - 6 meat rations
 z - a royal jelly
 T - 3 fruits


   Skills:
 + Level 6.1 Dodging
 + Level 7.1 Stealth
 + Level 9.3 Spellcasting
 * Level 6.9 Conjurations
 - Level 6.8 Hexes
 - Level 2.7 Summonings
 - Level 1.1 Translocations
 * Level 1.2 Transmutations
 - Level 5.7 Fire Magic
 - Level 4.9 Poison Magic


You had 2 spell levels left.
You knew the following spells:

 Your Spells              Type           Power        Failure   Level  Hunger
a - Magic Dart            Conj           ####         1%          1    None
b - Call Imp              Summ           ####....     1%          2    None
c - Blink                 Tloc           N/A          6%          2    None
d - Repel Missiles        Chrm/Air       ##....       10%         2    None
e - Mephitic Cloud        Conj/Pois/Air  ####....     2%          3    None
f - Conjure Flame         Conj/Fire      #####...     1%          3    None
g - Slow                  Hex            #####...     1%          2    None
h - Cause Fear            Hex            #####.....   2%          4    None
q - Irradiate             Conj/Trmt      ####......   28%         5    ####...
s - Flame Tongue          Conj/Fire      #####        1%          1    None


Dungeon Overview and Level Annotations

Branches:
Dungeon (8/15)             Temple (1/1) D:6
   Lair: D:8-11

Altars:
Ashenzari
Cheibriados
Dithmenos
Elyvilon
Fedhas
Gozag
Kikubaaqudgha
Nemelex Xobeh
Okawaru
Pakellas
Qazlal
Ru
Sif Muna
Trog
Vehumet
Yredelemnul
Zin
The Shining One

Shops:
D:4 :

Annotations:
D:8 Erica


Innate Abilities, Weirdness & Mutations

You have sharp toenails.
Your body sometimes deteriorates upon taking damage.
Your flesh is heat resistant.
You are robust (+10% HP).


Message History

Quiver which item? (- for none, * to show all) (? for menu, Esc to quit)
Okay, then.
Drink which item? (? for menu, Esc to quit)
You feel better. Something hits you.
Your body deteriorates!
You feel weakened. Something burns you.
* * * LOW HITPOINT WARNING * * *
Drink which item? (? for menu, Esc to quit)
Magic courses through your body. Something hits you.
* * * LOW HITPOINT WARNING * * *
Casting: Mephitic Cloud
Confirm with . or Enter, or press ? or * to list all spells.
You can't see any susceptible monsters within range! (Use Z to cast anyway.)
Casting: Mephitic Cloud
Confirm with . or Enter, or press ? or * to list all spells.
Aiming: Mephitic Cloud
Press: ? - help, Shift-Dir - straight line The ball explodes into a vile cloud!
The stinking cloud engulfs something.
Something hits you!
You die...

#.#.##.........#..#
#.#.##............#
#.#.##.........#..#
#.#.##.........#..#
#.................##
##............#?...######.
#............#..§§§......
#............#.?§§#######
##..............@{.#
#.............#....#
#.............#(...#
#............ #....#
#............ #....#
##.......... ######
##......... )..........
##.).......


There were no monsters in sight!

Vanquished Creatures
  Pikel (D:6)
  The ghost of Rattbag the Skirmisher, an amateur OgBe of Trog (D:5)
  The ghost of execc the Transmogrifier, a novice OpTm of Dithmenos (D:6)
  Sigmund (D:3)
  A wyvern (D:8)
  Edmund (D:5)
  2 ice beasts
  A phantom (D:5)
  A sky beast (D:7)
  A slave (D:6)
  2 ogres
  7 centaurs
  2 big kobolds (D:4)
  A giant frog (D:7)
  3 scorpions
  3 howler monkeys
  3 crimson imps
  A jelly (D:6)
  2 orc priests (D:6)
  4 hounds
  8 orc wizards
  Terence (D:3)
  2 iguanas
  8 worker ants
  A hound skeleton (D:6)
  2 worker ant zombies
  11 gnolls
  2 river rats (Sewer)
  5 adders
  An adder skeleton (D:4)
  An adder zombie (D:7)
  3 worms
  3 dart slugs
  5 giant geckos
  29 orcs
  9 ball pythons
  2 bat zombies (D:2)
  8 giant cockroaches
  27 goblins
  36 hobgoblins
  11 jackals
  11 kobolds
  6 quokkas
  5 bats
  10 giant newts
  A jackal skeleton (D:5)
  15 rats
262 creatures vanquished.

Vanquished Creatures (collateral kills)
  Natasha (D:1)
  An orc wizard (D:5)
  An adder (D:3)
  2 orcs (D:5)
5 creatures vanquished.

Vanquished Creatures (others)
  Crazy Yiuf (D:6)
  3 slaves (D:6)
  2 worker ants (D:6)
  2 orcs (D:6)
  2 fungi (D:6)
10 creatures vanquished.

Grand Total: 277 creatures vanquished

Notes
Turn   | Place    | Note
--------------------------------------------------------------
     0 | D:1      | Mefis the Deep Elf Wizard began the quest for the Orb.
     0 | D:1      | Reached XP level 1. HP: 10/10 MP: 7/7
   484 | D:1      | Reached XP level 2. HP: 12/15 MP: 1/9
   490 | D:1      | Learned a level 2 spell: Blink
   493 | D:1      | Learned a level 2 spell: Call Imp
   496 | D:1      | Learned a level 2 spell: Repel Missiles
  1140 | D:1      | Reached skill level 5 in Spellcasting
  1199 | D:2      | Noticed Natasha
  1219 | D:1      | Killed Natasha
  1497 | D:2      | Reached XP level 3. HP: 19/19 MP: 8/11
  1502 | D:2      | Learned a level 3 spell: Mephitic Cloud
  2112 | D:2      | Found an ancient bone altar of Kikubaaqudgha.
  2195 | D:2      | Reached XP level 4. HP: 24/24 MP: 6/13
  2219 | D:2      | Learned a level 3 spell: Conjure Flame
  3015 | D:2      | Reached skill level 6 in Spellcasting
  3157 | D:3      | Noticed Terence
  3215 | D:3      | Killed Terence
  3215 | D:3      | Reached XP level 5. HP: 9/28 MP: 3/15
  3592 | D:3      | Found a shattered altar of Ashenzari.
  3700 | D:3      | Noticed Sigmund
  3722 | D:3      | Killed Sigmund
  3722 | D:3      | Reached skill level 1 in Fire Magic
  3722 | D:3      | Reached skill level 1 in Poison Magic
  3722 | D:3      | Reached XP level 6. HP: 32/32 MP: 7/17
  3726 | D:3      | Learned a level 2 spell: Slow
  4044 | D:3      | Noticed a moth of wrath
  4047 | D:3      | Found a bloodstained altar of Trog.
  4848 | D:4      | Reached skill level 7 in Spellcasting
  4997 | D:4      | Found a basalt altar of Yredelemnul.
  5156 | D:4      | Found Sumn's Book Boutique.
  5185 | D:4      | Reached XP level 7. HP: 36/36 MP: 14/19
  5837 | D:4      | Reached skill level 1 in Hexes
  7220 | D:5      | Entered Level 5 of the Dungeon
  7394 | D:5      | Noticed Edmund
  7478 | D:5      | Killed Edmund
  7478 | D:5      | Reached XP level 8. HP: 20/41 MP: 1/21
  7625 | D:5      | Found a glowing drain.
  7676 | Sewer    | Entered a sewer
  7821 | Sewer    | HP: 2/41 [river rat (4)]
  8351 | Sewer    | Learned a level 4 spell: Cause Fear
  8810 | D:5      | Reached skill level 5 in Stealth
  9009 | D:5      | Noticed Rattbag's ghost (amateur OgBe)
  9169 | D:5      | Killed Rattbag's ghost
  9169 | D:5      | Reached skill level 8 in Spellcasting
  9374 | D:5      | Reached skill level 5 in Conjurations
  9444 | D:5      | Reached skill level 5 in Hexes
  9462 | D:5      | Reached skill level 5 in Dodging
  9565 | D:6      | Learned a level 1 spell: Flame Tongue
  9639 | D:6      | Noticed Pikel
  9962 | D:6      | Killed Pikel
  9962 | D:6      | Reached XP level 9. HP: 32/45 MP: 18/23
  9971 | D:6      | Noticed Crazy Yiuf
  9985 | D:6      | Killed Crazy Yiuf
 10845 | D:6      | Noticed execc's ghost (novice OpTm)
 10856 | D:6      | Killed execc's ghost
 10856 | D:6      | Reached skill level 5 in Fire Magic
 11122 | D:6      | Found a staircase to the Ecumenical Temple.
 11131 | Temple   | Entered the Ecumenical Temple
 11239 | Temple   | Became a worshipper of Sif Muna the Loreminder
 11360 | D:6      | Found a sparkling altar of Nemelex Xobeh.
 12441 | D:7      | Reached skill level 9 in Spellcasting
 12502 | D:7      | Got a smoking robe
 12537 | D:6      | Identified the +0 robe of Qool {Int+2} (You found it on level 7 of the Dungeon)
 12639 | D:7      | Reached * piety under Sif Muna
 12941 | D:7      | Found a stormy altar of Qazlal.
 13006 | D:7      | Reached XP level 10. HP: 35/50 MP: 14/25
 13009 | D:7      | Gained mutation: Your flesh is heat resistant. [mutagenic meat]
 13010 | D:7      | Gained mutation: You have sharp toenails. [mutagenic meat]
 13011 | D:7      | Gained mutation: You are robust (+10% HP). [mutagenic meat]
 13012 | D:7      | Gained mutation: Your body sometimes deteriorates upon taking damage. [mutagenic meat]
 13098 | D:7      | Found a sacrificial altar of Ru.
 13130 | D:7      | Learned a level 5 spell: Irradiate
 13255 | D:7      | Found a glowing silver altar of Zin.
 13465 | D:8      | Found a white marble altar of Elyvilon.
 13495 | D:8      | Found a glowing golden altar of the Shining One.
 13538 | D:8      | Reached skill level 1 in Transmutations
 13699 | D:8      | Noticed Erica
 13747 | D:8      | Slain by Erica

Skill      XL: |  1  2  3  4  5  6  7  8  9 10 |
---------------+-------------------------------+-----
Spellcasting   | 5 6 7 8 9 |  9.3
Stealth        | 3 4 6 7 |  7.1
Conjurations   | 2 3 4 5 6 |  6.9
Dodging        | 3 4 5 6 |  6.1
Summonings     | 2 |  2.7
Fire Magic     | 1 3 4 5 |  5.7
Poison Magic   | 1 2 3 4 |  4.9
Hexes          | 3 5 6 |  6.8
Transmutations | 1 |  1.2
Translocations | |  1.1

Action                   |  1- 3 |  4- 6 |  7- 9 | 10-12 || total
-------------------------+-------+-------+-------+-------++-------
Melee: Short sword       |       |    37 |     6 |       ||    43
       Quarterstaff      |       |       |     4 |     1 ||     5
       Flail             |       |       |     2 |       ||     2
 Fire: Blowgun           |       |       |    40 |       ||    40
       Hunting sling     |       |       |    23 |       ||    23
Throw: Stone             |       |       |     4 |       ||     4
 Cast: Magic Dart        |   103 |   162 |   391 |    19 ||   675
       Call Imp          |     2 |     2 |     2 |       ||     6
       Mephitic Cloud    |       |    11 |    25 |    10 ||    46
       Blink             |       |     1 |     2 |       ||     3
       Repel Missiles    |       |     1 |     2 |       ||     3
       Conjure Flame     |       |       |    15 |     1 ||    16
       Flame Tongue      |       |       |   126 |    41 ||   167
Invok: Channel Energy    |       |       |       |     1 ||     1
  Use: Scroll            |       |       |     6 |       ||     6
       Potion            |       |       |       |     5 ||     5
 Stab: Confused          |       |     2 |     1 |       ||     3
       Sleeping          |       |     1 |     2 |       ||     3
       Paralysed         |       |       |       |     1 ||     1
  Eat: Chunk             |     4 |     9 |    23 |     6 ||    42
Armor: Robe              |     4 |     6 |    32 |     4 ||    46
Dodge: Dodged            |    35 |    27 |    79 |    12 ||   153
       Deflected         |       |       |     3 |       ||     3
